 Dungeon Crawl Stone Soup version 0.17-a0-670-g5d95ebd (webtiles) character file.

249 Nebulos the Ducker (level 5, -4/25 HPs)
             Began as a Spriggan Venom Mage on Apr 18, 2015.
             Was an Initiate of Qazlal.
             Killed by miscasting Mephitic Cloud (13 damage)
             ... on level 4 of the Dungeon.
             The game lasted 00:16:48 (2786 turns).

Nebulos the Ducker (Spriggan Venom Mage)            Turns: 2786, Time: 00:16:48

Health: -4/25      AC:  2    Str:  5    XL:     5   Next: 87%
Magic:  7/12       EV: 19    Int: 17    God:    Qazlal [......]
Gold:   175        SH:  5    Dex: 16    Spells: 3 memorised, 6 levels left

rFire  . . .     SeeInvis +     k - +1 dagger (venom)
rCold  . . .     Clarity  .     a - +0 robe
rNeg   . . .     SustAb   .     h - +0 buckler
rPois  .         Gourm    .     (helmet restricted)
rElec  .         Spirit   .     (no cloak)
rCorr  .         Warding  .     (gloves unavailable)
rMut   .         Stasis   .     (boots unavailable)
MR     .....                    (no amulet)
Stlth  +++.......               (no ring)
                                (no ring)

@: very slightly contaminated, very quick, not resistant to hostile
enchantments, fairly stealthy
A: unfitting armour, see invisible, herbivore 3, speed 3, slow metabolism 2
a: Renounce Religion


You were on level 4 of the Dungeon.
You worshipped Qazlal.
Qazlal was noncommittal.
You were not hungry.

You visited 2 branches of the dungeon, and saw 5 of its levels.

You collected 175 gold pieces.

Inventory:

Hand weapons
 e - a +0 spear
 k - a +1 dagger of venom (weapon)
 s - a +0 rapier
Missiles
 m - 13 poisoned needles
Armour
 a - a +0 robe (worn)
 h - a +0 buckler (worn)
Jewellery
 j - an uncursed ring of ice
Magical devices
 t - a wand of confusion (32)
Scrolls
 d - a scroll of fog
 i - 2 scrolls of identify {unknown}
 n - a scroll of enchant weapon {unknown}
 o - a scroll of random uselessness {unknown}
Potions
 f - a potion of cure mutation {unknown}
 g - a potion of might
 l - a potion of mutation {unknown}
 p - 2 potions of heal wounds {unknown}
 q - 3 potions of curing
 r - 2 potions of restore abilities {unknown}
 v - 3 potions of degeneration {unknown}
 w - a potion of cancellation {unknown}
Books
 b - a Young Poisoner's Handbook

   Spells                             Type                      Level
   a - Sting                          Conjuration/Poison           1
   b - Cure Poison                    Poison                       2
   c - Mephitic Cloud                 Conjuration/Poison/Air       3
   d - Olgreb's Toxic Radiance        Poison                       4
   e - Venom Bolt                     Conjuration/Poison           5
Comestibles
 c - 2 bread rations
 u - 2 fruits


   Skills:
 + Level 0.4 Fighting
 + Level 1.0 Short Blades
 + Level 5.3 Dodging
 + Level 4.9 Stealth
 + Level 0.1 Shields
 - Level 0.1 Unarmed Combat
 * Level 4.3 Spellcasting
 * Level 1.0 Conjurations
 + Level 4.4 Poison Magic


You had 6 spell levels left.
You knew the following spells:

 Your Spells              Type           Power        Failure   Level  Hunger
a - Sting                 Conj/Pois      ##..         12%         1    None
b - Cure Poison           Pois           ###.......   8%          2    ##.....
c - Mephitic Cloud        Conj/Pois/Air  #.......     41%         3    ###....


Dungeon Overview and Level Annotations

Branches:
Dungeon (4/15)             Temple (1/1) D:4

Altars:
Dithmenos
Fedhas
Gozag
Kikubaaqudgha
Nemelex Xobeh
Okawaru
Qazlal
Ru
Sif Muna
Trog
Vehumet
Xom
Yredelemnul
Zin
The Shining One


Innate Abilities, Weirdness & Mutations

You are tiny and cannot use many weapons and most armour.
You have supernaturally acute eyesight.
You are a herbivore.
You cover ground extremely quickly.
You need consume almost no food.


Message History

Confirm with . or Enter, or press ? or * to list all spells.
Nothing appears to happen.
Casting: Cure Poison
Confirm with . or Enter, or press ? or * to list all spells.
Aiming: Sting
Press: ? - help, Shift-Dir - straight line, f - worm
Aim: a worm The sting hits the worm.
The worm is moderately wounded.
Casting: Sting
Confirm with . or Enter, or press ? or * to list all spells.
Aiming: Mephitic Cloud
Press: ? - help, Shift-Dir - straight line, f/p - worm
Aim: a worm (moderately wounded)
You miscast Mephitic Cloud.
You are very lightly contaminated with residual magic.
You are caught in an explosion of electrical discharges!
The explosion engulfs you!
Ouch! That really hurt!
You die...

###.....###### #.....#
...............###'###
####'#########.. #.########..
.....##########.##)..........
..............................
..............................
.###...########.####....#.####
# +...# #..# #..#........
#...# ####@###......#..
#..[#### #..........##.#...
#.##...# #.##...............
#.##.#.###.###.#.#.###.##..
#............#w..#... .+
#####........#K####### #
+........#.o# #........##.##
#........##(.#####.##...


You could see a worm, an orc and a kobold.

Vanquished Creatures
  An ogre (D:4)
  2 orc wizards (D:4)
  2 adders
  An ooze (D:1)
  An adder zombie (D:1)
  3 worms
  5 giant geckos
  5 orcs (D:4)
  2 ball pythons
  A bat zombie (D:1)
  2 giant cockroaches
  13 hobgoblins
  9 bats
  2 giant newts
  8 goblins
  8 kobolds
  2 quokkas
  7 rats
74 creatures vanquished.

Notes
Turn   | Place    | Note
--------------------------------------------------------------
     0 | D:1      | Nebulos, the Spriggan Venom Mage, began the quest for the Orb.
     0 | D:1      | Reached XP level 1. HP: 9/9 MP: 5/5
   383 | D:1      | Reached XP level 2. HP: 13/13 MP: 4/6
   794 | D:1      | Learned a level 2 spell: Cure Poison
   943 | D:1      | Reached XP level 3. HP: 14/16 MP: 8/8
  1619 | D:2      | Reached XP level 4. HP: 19/21 MP: 9/9
  1790 | D:2      | Found a glowing silver altar of Zin.
  1804 | D:2      | Found a bloodstained altar of Trog.
  2446 | D:4      | Noticed an ogre
  2465 | D:4      | Killed an ogre
  2465 | D:4      | Reached XP level 5. HP: 25/25 MP: 7/11
  2513 | D:4      | Found a staircase to the Ecumenical Temple.
  2515 | D:4      | Found a shimmering altar of Xom.
  2521 | Temple   | Entered the Ecumenical Temple
  2603 | Temple   | Became a worshipper of Qazlal Stormbringer
  2637 | D:4      | Reached skill level 1 in Conjurations
  2645 | D:4      | Reached skill level 1 in Short Blades
  2645 | D:4      | Reached skill level 5 in Dodging
  2657 | D:4      | Learned a level 3 spell: Mephitic Cloud
  2786 | D:4      | Killed by miscasting Mephitic Cloud

Action                   |  1- 3 |  4- 6 || total
-------------------------+-------+-------++-------
Melee: Unarmed           |    21 |       ||    21
       Spear             |    43 |       ||    43
       Dagger            |    54 |   101 ||   155
 Cast: Sting             |    17 |     6 ||    23
       Mephitic Cloud    |       |     1 ||     1
       Cure Poison       |       |     1 ||     1
  Use: Scroll            |     1 |       ||     1
       Potion            |       |     2 ||     2
 Stab: Sleeping          |     8 |     3 ||    11
